 Dungeon Crawl Stone Soup version 0.31.0-10-gcf4a605ca0 (webtiles) character file.

Game seed: 4544720317193884117

188 oldriver the Trooper (level 5, -3/34 HPs)
             Began as a Gargoyle Fighter on Jan 26, 2024.
             Slain by a cane toad (11 damage)
             ... on level 4 of the Dungeon.
             The game lasted 00:04:25 (3035 turns).

oldriver the Trooper (Gargoyle Fighter)             Turns: 3035, Time: 00:04:26

Health: -3/34      AC: 19    Str: 22    XL:     5   Next: 67%
Magic:  5/5        EV:  8    Int:  8    God:
Gold:   168        SH:  4    Dex:  9    Spells: 4/4 levels left

rFire   . . .        a - +0 flail
rCold   . . .        c - +0 buckler
rNeg    + + .        p - +2 chain mail {rN+}
rPois   ∞            (no helmet)
rElec   +            (no cloak)
rCorr   .            (no gloves)
SInv    .            (no boots)
Will    .....        (no amulet) Stlth
                     f - +4 ring of protection
HPRegen 0.25/turn    i - ring of flight
MPRegen 0.09/turn

%: no passive effects
@: about to teleport, flying
A: sickness immunity, AC +4, negative energy resistance 1, electricity
resistance, torment resistance 1, petrification resistance
a: no special abilities


You were on level 4 of the Dungeon.
You visited 1 branch of the dungeon, and saw 4 of its levels.

You collected 168 gold pieces.

Inventory:

Hand Weapons
 a - a +0 flail (weapon)
Missiles
 r - 6 javelins (quivered)
Armour
 c - a +0 buckler (worn)
 p - a +2 chain mail of positive energy (worn)
Jewellery
 f - a +4 ring of protection (left hand)
 i - a ring of flight (right hand)
Wands
 d - a wand of polymorph (5)
Scrolls
 e - a scroll of enchant armour
 g - 2 scrolls of teleportation
Potions
 b - 3 potions of curing
 j - a potion of brilliance {unknown}
 k - a potion of ambrosia
 l - a potion of enlightenment {unknown}
 m - 2 potions of resistance
 q - a potion of mutation {unknown}


   Skills:
 + Level 4.4 Fighting
 * Level 4.3 Maces & Flails
 + Level 3.6 Armour
 + Level 1.3 Stealth
 + Level 3.6 Shields


You had 4 spell levels left.
You didn't know any spells.
Your spell library contained the following spells:

 Spells                   Type           Power      Damage    Failure   Level
 Static Discharge         Conj/Air       0%         3-3/arc   99%         2
 Airstrike                Air            0%         2d(0-16)  100%        4
 Summon Lightning Spire   Summ/Air       0%         N/A       100%        4


Dungeon Overview and Level Annotations

Branches:
Dungeon (4/15)
 Temple: D:4-7

Altars:
Sif Muna


Innate Abilities, Weirdness & Mutations

You are immune to sickness and miasma.
Your stone body is resilient. (AC +4)
You are immune to poison.
You resist negative energy. (rN+)
You are resistant to electric shocks. (rElec)
You are resistant to unholy torment.
You are immune to petrification.


Message History

A kobold is nearby!
A kobold is nearby!
You thump the kobold!
You kill the kobold!
No target in view!
No target in view!
No target in view!
No target in view!
No target in view!
No target in view!
No target in view!
No target in view!
No target in view!
No target in view!
No target in view!
j - an amethyst potion A cane toad is nearby!
A cane toad is nearby!
A cane toad is nearby!
Okay, then.
Okay, then.
The cane toad croaks.
Okay, then.
The cane toad stings you but does no damage.
You hit the cane toad but do no damage. The cane toad barely misses you.
The cane toad stings you!
You sock the cane toad!
The cane toad is moderately wounded.
The cane toad stings you.
You hit the cane toad.
The cane toad is moderately wounded.
The cane toad stings you!
* * * LOW HITPOINT WARNING * * *
You feel much better. The cane toad stings you! x2
Ouch! That really hurt!
* * * LOW HITPOINT WARNING * * *
Okay, then.
As you read the scroll of teleportation, it crumbles to dust.
You feel strangely unstable. The cane toad stings you!
You die...

#.# #.######## ## #(#####
#........# .# #.....#
########.# .#
#.###.###########.# .#
######.# #.............#
.####~~~##.##################
#)~~~~~~~~).## #............#
###~~~≈≈~~~..###.##########.#
,,###≈≈~####...#@# #.#
,,..#####..)...#F# #.#
##......g......#.# #.#
~###.....#####.#.# #.#
...###########.#.# #.#
#..##########).#.# #.#
#..##########.##.# #.#
#....########)##.# #.#
##....#######.##.# #.#


You could see a cane toad.

Vanquished Creatures
  A scorpion (D:4)
  Ijyb (D:3)
  Terence (D:3)
  A dart slug (D:3)
  A ribbon worm (D:3)
  3 orcs (D:3)
  2 ball pythons
  5 endoplasms
  2 giant cockroaches
  4 goblins
  13 hobgoblins
  5 jackals
  4 quokkas
  6 bats
  2 frilled lizards
  12 kobolds
  5 rats
68 creatures vanquished.

Notes
Turn   | Place    | Note
-------+----------+-------------------------------------------
     0 | D:1      | oldriver the Gargoyle Fighter began the quest for the Orb.
     0 | D:1      | Reached XP level 1. HP: 14/14 MP: 1/1
   141 | D:1      | Reached XP level 2. HP: 19/19 MP: 2/2
   755 | D:2      | Reached XP level 3. HP: 8/24 MP: 3/3
  1232 | D:2      | Found a faded altar of an unknown god.
  1517 | D:3      | Noticed Ijyb
  1779 | D:3      | Found a shimmering blue altar of Sif Muna.
  1801 | D:3      | Reached XP level 4. HP: 27/29 MP: 4/4
  1937 | D:3      | Killed Ijyb
  2190 | D:3      | Noticed Terence
  2206 | D:3      | Killed Terence
  2360 | D:4      | Noticed an ogre
  2361 | D:4      | an ogre changed into a cane toad
  2361 | D:4      | Noticed a cane toad
  2362 | D:4      | Noticed a kobold brigand
  2387 | D:4      | Noticed a scorpion
  2399 | D:4      | Killed a scorpion
  2400 | D:4      | Reached skill level 1 in Stealth
  2400 | D:4      | Reached XP level 5. HP: 34/34 MP: 5/5
  3035 | D:4      | Slain by a cane toad

Illustrated notes

Levels and vault maps discovered:
D:1:      dpeg_arrival_yet_another_circle, layout_basic,
          minmay_misc_feat_four_crosses
D:2:      layout_basic, chequers_ecumenical_altar_twisty, minmay_misc_feat_tower
D:3:      layout_loops_ring, lemuel_round_altar, serial_bayou_lake_a, uniq_ijyb,
          uniq_terence
D:4:      cheibrodos_thug_alley, layout_basic, grunt_decor_mini_mirrors

Skill      XL: |  1  2  3  4 |
---------------+-------------+-----
Maces & Flails | 3 4 |  4.3
Fighting       | 4 |  4.4
Stealth        | 1 |  1.3
Armour         | |  3.6
Shields        | |  3.6

Action                     |  1- 3 |  4- 6 || total
---------------------------+-------+-------++-------
  Melee: Flail             |   164 |   106 ||   270
         Unarmed           |       |     2 ||     2
  Evoke: Wand              |       |     3 ||     3
    Use: Scroll            |       |    10 ||    10
         Potion            |       |     2 ||     2
 Armour: Scale mail        |   126 |     4 ||   130
         Chain mail        |       |    88 ||    88
         Skin              |       |     1 ||     1
  Dodge: Dodged            |    81 |    37 ||   118
  Block: Buckler           |    29 |    25 ||    54
